 Dungeon Sprint DCSS version 0.29-a0-512-gf59ac788ac (webtiles) character file.

Game seed: 11328220718935602970

29 mhtbhm the Shield-Bearer (level 3, -3/30 HPs)
             Began as a Human Fighter on May 29, 2022.
             Was a Believer of Qazlal.
             Slain by a warg (13 damage)
             ... in the Dungeon (Sprint VII: "The Pits").
             The game lasted 00:00:58 (479 turns).

mhtbhm the Shield-Bearer (Human Fighter)             Turns: 479, Time: 00:00:59

Health: -3/30      AC: 10    Str: 18    XL:     3   Next: 32%
Magic:  5/5        EV:  9    Int:  8    God:    Qazlal [**....]
Gold:   0          SH:  8    Dex: 12    Spells: 2/2 levels left

rFire   . . .      SeeInvis .   a - +2 falchion
rCold   . . .      Faith    .   c - +0 buckler
rNeg    . . .      Spirit   .   b - +3 scale mail
rPois   .          Reflect  .   (no helmet)
rElec   .          Harm     .   (no cloak)
rCorr   .          Rampage  .   (no gloves)
Will    .....      NoTele   +   (no boots)
Stlth   ..........              (no amulet)
HPRegen 0.10/turn               (no ring)
MPRegen 0.09/turn               (no ring)

@: no status effects
A: no striking features
a: Renounce Religion, Upheaval


You were in the Dungeon.
You worshipped Qazlal.
Qazlal was pleased with you.
You visited 1 branch

Inventory:

Hand Weapons
 a - a +2 falchion (weapon)
Armour
 b - a +3 scale mail (worn)
 c - a +0 buckler (worn)
Scrolls
 j - a scroll of blinking
 l - 5 scrolls of amnesia
 m - a scroll of summoning
Potions
 d - a potion of might
 e - 6 potions of curing
 f - 5 potions of heal wounds
 g - a potion of haste
 h - 4 potions of magic
 i - 2 potions of berserk rage
 k - 2 potions of invisibility


   Skills:
 + Level 3.9 Fighting
 + Level 3.1 Long Blades
 + Level 3.9 Armour
 + Level 0.4 Dodging
 + Level 3.9 Shields
 * Level 3.0 Invocations


You had 2 spell levels left.
You didn't know any spells.
Your spell library was empty.

Dungeon Overview and Level Annotations

Branches:
Dungeon (1/1)

Altars:
Ashenzari
Cheibriados
Dithmenos
Elyvilon
Fedhas
Gozag
Hepliaklqana
Kikubaaqudgha
Makhleb
Nemelex Xobeh
Okawaru
Qazlal
Ru
Sif Muna
Trog
Uskayaw
Vehumet
Wu Jian
Xom
Yredelemnul
Zin
The Shining One
Beogh
Jiyva
Lugonu


Message History

You see here a +1 quarterstaff of speed.
e - 6 potions of curing (gained 5)
f - 5 potions of heal wounds You see here a +0 flail of protection.
You see here a +2 vorpal trident.
You see here a +0 long sword of flaming.
Okay, then.
You see here a +0 hand axe of freezing.
You see here a +3 ring mail.
There is an open door here.
There is an open door, spattered with blood here.
There is an open door, spattered with blood here.
Things that are here:
a +3 vorpal spear; a gnoll skeleton
There is an open door here.
You open the door.
There is an open door here.
You open the door.
Key pressed, stopping explore.
Unknown command.
A warg and a hobgoblin come into view.
The warg howls!
The hobgoblin shouts!
There is an open door here.
Unknown command.
You completely miss the warg. You block the warg's attack. The warg bites you.
You miss the warg. The warg closely misses you.
You slash the warg!
The warg is moderately wounded.
The warg pauses to sniff the ground.
The warg closely misses you. You block the warg's attack.
You hit the warg.
The warg is moderately wounded.
You block the warg's attack.
You slash the warg!
The warg is heavily wounded.
The warg closely misses you. The warg bites you!
You hit the warg.
The warg is heavily wounded.
The warg bites you! x2
You die...

##########.##.....
#...........'.....
#'#####'#####.....
#.#..#...).##.....
#.#))#####'#####'#
#.#))#.....##.....
#.#))#.†...##.....
#.#[[###'####.....
#@##'#..)..##...<.
#h#........##.....
#g#........##.....
#'###########.....
#....h..# ######
#.###...# #.# .#
#.# #..


You could see a warg and a hobgoblin.

Vanquished Creatures
  2 gnolls (D)
  An adder zombie (D)
  A bat zombie (D)
  A giant cockroach (D)
  A hobgoblin (D)
  A ball python (D)
  2 rats (D)
9 creatures vanquished.

Notes
Turn   | Place    | Note
-------+----------+-------------------------------------------
     0 | D        | mhtbhm the Human Fighter began the quest for the Orb.
     0 | D        | Reached XP level 1. HP: 18/18 MP: 1/1
    18 | D        | Found a bloodstained altar of Trog.
    18 | D        | Found a shimmering blue altar of Sif Muna.
    18 | D        | Found a viscous altar of Jiyva.
    18 | D        | Found a hazy altar of Hepliaklqana.
    18 | D        | Found an opulent altar of Gozag.
    19 | D        | Found a glowing golden altar of the Shining One.
    19 | D        | Found a glowing silver altar of Zin.
    19 | D        | Found a basalt altar of Yredelemnul.
    19 | D        | Found a shimmering altar of Xom.
    19 | D        | Found an ornate altar of the Wu Jian Council.
    19 | D        | Found a sacrificial altar of Ru.
    19 | D        | Found a stormy altar of Qazlal.
    19 | D        | Found an iron altar of Okawaru.
    19 | D        | Found a sparkling altar of Nemelex Xobeh.
    19 | D        | Found a burning altar of Makhleb.
    19 | D        | Found a blossoming altar of Fedhas.
    19 | D        | Found a white marble altar of Elyvilon.
    19 | D        | Found a shadowy altar of Dithmenos.
    19 | D        | Found a snail-covered altar of Cheibriados.
    21 | D        | Found a radiant altar of Vehumet.
    21 | D        | Found a corrupted altar of Lugonu.
    22 | D        | Found a hide-covered altar of Uskayaw.
    22 | D        | Found an ancient bone altar of Kikubaaqudgha.
    22 | D        | Found a broken altar of Ashenzari.
    34 | D        | Became a worshipper of Qazlal Stormbringer
    86 | D        | Reached skill level 1 in Invocations
    86 | D        | Reached XP level 2. HP: 7/25 MP: 1/3
   333 | D        | Reached * piety under Qazlal
   363 | D        | Reached ** piety under Qazlal
   366 | D        | Reached XP level 3. HP: 25/30 MP: 4/4
   468 | D        | Noticed a warg
   479 | D        | Slain by a warg

Illustrated notes

Levels and vault maps discovered:
D:        pitsprint [storerooms_1, entrance_room_1, metal_vault_7, armoury_1,
          mini_pit_1, grid_room_1, main_hall_1, silver_pit, the_coven_1,
          the_vestibule_1, steel_vault_5, golden_pit, hallway_of_sentries,
          crystal_vault_3, iron_vault_3, final_vault]

Skill      XL: |  1  2  3 |
---------------+----------+-----
Invocations    | 1 2 3 |  3.0
Long Blades    | 3 |  3.1
Fighting       | |  3.9
Armour         | |  3.9
Dodging        | |  0.4
Shields        | |  3.9

Action                   || total
-------------------------++-------
Melee: Falchion          ||    26
       Long sword        ||     1
  Use: Potion            ||     2
Armor: Scale mail        ||     3
Dodge: Dodged            ||    10
Block: Buckler           ||     8

Table legend: (Time is in decaauts)
 A = Elapsed time spent in this place.
 B = Non-inter-level travel time spent in this place.
 C = Inter-level travel time spent in this place.
 D = Time resting spent in this place.
 E = Time spent auto-exploring this place.
 F = Levels seen in this place.
 G = Mean time per level.
                   A        B        C        D        E       F      G
               +--------+--------+--------+--------+--------+-----+--------+
         Total |    491 |    491 |      0 |    304 |     29 |   1 |  491.0 |
       Dungeon |    491 |    491 |      0 |    304 |     29 |   1 |  491.0 |
               +--------+--------+--------+--------+--------+-----+--------+

Top non-repeatable levels by time:
       D: 491 daAuts
